 Dungeon Crawl Stone Soup version 0.22-a0-44-geb883ae (webtiles) character file.

9 pie21 the Cudgeler (level 2, -11/29 HPs)
             Began as a Troll Berserker on Jan 6, 2018.
             Was a Follower of Trog.
             Engulfed by a cloud of flame (27 damage)
             ... on level 1 of the Dungeon.
             The game lasted 00:04:19 (154 turns).

pie21 the Cudgeler (Troll Berserker)                 Turns: 154, Time: 00:04:21

Health: -11/29     AC:  5    Str: 24    XL:     2   Next: 6%
Magic:  1/1        EV: 10    Int:  3    God:    Trog [*.....]
Gold:   10         SH:  0    Dex:  9    Spells: 1/1 levels left

rFire    . . .     SeeInvis .   d - +0 short sword (elec)
rCold    . . .     Gourm    +   (no shield)
rNeg     . . .     Faith    .   b - +0 animal skin
rPois    .         Spirit   .   (helmet restricted)
rElec    .         Reflect  .   (no cloak)
rCorr    .         Harm     .   (gloves unavailable)
MR       .....                  (boots unavailable)
Stlth    +.........             (no amulet)
HPRegen  0.49/turn              (no ring)
MPRegen  0.07/turn              (no ring)

@: no status effects
A: large, unfitting armour, claws 3, fast metabolism 3, gourmand, regeneration
1, shaggy fur 1, tough skin 2
a: Berserk, Burn Spellbooks, Renounce Religion


You were on level 1 of the Dungeon.
You worshipped Trog.
Trog was aware of your devotion.
You were completely stuffed.

You visited 1 branch of the dungeon, and saw 1 of its levels.

You collected 10 gold pieces.

Inventory:

Hand Weapons
 a - a +0 mace
 d - a +0 short sword of electrocution (weapon)
 i - a +0 club
 j - a +0 club
Missiles
 e - 18 arrows
Armour
 b - a +0 animal skin (worn)
Scrolls
 h - a scroll of enchant weapon {unknown}
Potions
 f - 2 potions of haste {unknown}
Comestibles
 c - 3 rations


   Skills:
 + Level 2.6 Fighting
 + Level 3.0 Maces & Flails
 + Level 2.5 Dodging


You had one spell level left.
You didn't know any spells.

Dungeon Overview and Level Annotations

Branches:
Dungeon (1/15)

Altars:


Innate Abilities, Weirdness & Mutations

You are too large for most types of armour.
You have claws for hands.
Your metabolism is lightning-fast.
You like to eat raw meat.
Your natural rate of healing is unusually fast.
You are covered in fur. (AC +1)
You have very tough skin. (AC +2)


Message History

Your Maces & Flails skill increases to level 3!
You have reached level 2!
Unknown command.
You see here a club.
j - a club Wield which item (- for none, * to show all)? (? for menu, Esc to quit)
Okay, then.
A frilled lizard and a hobgoblin come into view.
The hobgoblin shouts!
As you read the scroll labeled MUXYUF ISCHIGO, it crumbles to dust.
The creatures around you are filled with an inner flame!
It was a scroll of immolation.
The frilled lizard hisses angrily.
You puncture the frilled lizard!
The frilled lizard explodes!
The fiery explosion engulfs you! Trog accepts your kill.
You are engulfed in blazing flames.
Ouch! That really hurt!
You die...

#.##..###
#.##..#
#.....#
#####.# #.#
#.#######
#.......#
#######.#
####@#
#%.ยง.#
#g#### #.#
#........
...gl...#
.........#
#..........
#..........


You could see a hobgoblin (inner flame).

Vanquished Creatures
  A dart slug (D:1)
  A giant cockroach (D:1)
  A goblin (D:1)
  2 hobgoblins (D:1)
  A frilled lizard (D:1)
  A rat (D:1)
7 creatures vanquished.

Notes
Turn   | Place    | Note
-------+----------+-------------------------------------------
     0 | D:1      | pie21 the Troll Berserker began the quest for the Orb.
     0 | D:1      | Reached XP level 1. HP: 22/22 MP: 0/0
     7 | D:1      | Noticed an electric eel
   137 | D:1      | Reached skill level 3 in Maces & Flails
   137 | D:1      | Reached XP level 2. HP: 29/29 MP: 1/1
   154 | D:1      | Engulfed by a cloud of flame

Vault maps used:
D:1:      arrival_aquarium_a

Skill      XL: |  1 |
---------------+----+-----
Maces & Flails | 3 |  3.0
Fighting       | |  2.6
Dodging        | |  2.5

Action                   || total
-------------------------++-------
Melee: Short sword       ||    13
  Use: Scroll            ||     1
  Eat: Chunk             ||     7
Armor: Animal skin       ||     4
Dodge: Dodged            ||     2

Table legend:
 A = Spawn XP
 B = Non-spawn XP
 C = Spawn XP percentage of total XP
 D = Spawn monster count
 E = Non-spawn monster count
 F = Spawn count percentage of total count
 G = Total turns spent on level
                    A         B        C        D         E        F      G
               +---------+---------+-------+---------+---------+-------+---------
         Total |       0 |      14 |   0.0 |       0 |       7 |   0.0 |   154
               +---------+---------+-------+---------+---------+-------+---------
           D:1 |       0 |      14 |   0.0 |       0 |       7 |   0.0 |   154
               +---------+---------+-------+---------+---------+-------+---------
